 Dungeon Sprint DCSS version 0.30-a0-989-g0d87f670db (webtiles) character file.

Game seed: 728796655327592040

329 fozzywoppz the Trooper (level 6, -1/55 HPs)
             Began as a Demonspawn Monk on Apr 3, 2023.
             Was a High Priest of Qazlal.
             Slain by a hellwing (8 damage)
             ... in the Dungeon (Sprint VII: "The Pits").
             The game lasted 00:02:42 (439 turns).

fozzywoppz the Trooper (Demonspawn Monk)             Turns: 439, Time: 00:02:42

Health: -1/55      AC: 18    Str: 11    XL:     6   Next: 25%
Magic:  6/6        EV:  7    Int: 12    God:    Qazlal [*****.]
Gold:   0          SH:  6    Dex: 17    Spells: 5/5 levels left

rFire   . . .      SeeInvis .      - Unarmed
rCold   . . .      Faith    .    (no shield)
rNeg    . . .      Spirit   .    l - +3 chain mail
rPois   .          Reflect  .    (no helmet)
rElec   .          Rampage  .    (no cloak)
rCorr   .          NoTele   +    (no gloves)
Will    .....                    (no boots) Stlth
                                 (no amulet)
HPRegen 0.29/turn                (no ring)
MPRegen 0.20/turn                (no ring)

@: protected from physical damage, repel missiles
A: molten scales 2, magic regeneration
a: Renounce Religion, Upheaval, Elemental Force, Disaster Area


You were in the Dungeon.
You worshipped Qazlal.
Qazlal was extremely pleased with you.
You visited 1 branch

Inventory:

Armour
 a - a +0 robe
 l - a +3 chain mail (worn)
Scrolls
 h - a scroll of blinking
 j - 5 scrolls of amnesia
 k - a scroll of butterflies
Potions
 b - a potion of ambrosia
 c - 5 potions of curing
 d - 2 potions of heal wounds
 e - a potion of haste
 f - 4 potions of magic
 g - 3 potions of berserk rage
 i - 2 potions of invisibility


   Skills:
 + Level 7.6 Fighting
 + Level 4.7 Armour
 + Level 6.9 Dodging
 - Level 2.0 Stealth
 + Level 6.9 Unarmed Combat


You had 5 spell levels left.
You didn't know any spells.
Your spell library was empty.

Dungeon Overview and Level Annotations

Branches:
Dungeon (1/1)

Altars:
Ashenzari
Cheibriados
Dithmenos
Fedhas
Gozag
Hepliaklqana
Kikubaaqudgha
Makhleb
Nemelex Xobeh
Okawaru
Qazlal
Ru
Sif Muna
Trog
Uskayaw
Vehumet
Wu Jian
Xom
Yredelemnul
Jiyva
Lugonu


Innate Abilities, Weirdness & Mutations

You are mostly covered in molten scales. (AC +3)
You regenerate magic rapidly.


Message History

The hellwing hits you but does no damage.
You hit the hellwing.
The hellwing is almost dead.
You block the hellwing's attack. The hellwing misses you.
You hit the hellwing but do no damage.
The hellwing is almost dead.
The hellwing hits you.
* * * LOW HITPOINT WARNING * * *
The hellwing completely misses you.
You hit the hellwing but do no damage.
The hellwing is almost dead.
You feel much better. The hellwing hits you!
The hellwing hits you but does no damage.
You hit the hellwing but do no damage.
The hellwing is almost dead.
The hellwing hits you!
* * * LOW HITPOINT WARNING * * *
The hellwing hits you.
* * * LOW HITPOINT WARNING * * *
You hit the hellwing but do no damage.
The hellwing is almost dead.
The hellwing hits you.
* * * LOW HITPOINT WARNING * * *
The hellwing hits you but does no damage.
You hit the hellwing but do no damage.
The hellwing is almost dead.
The hellwing hits you but does no damage. x2
You closely miss the hellwing.
The hellwing is almost dead.
The hellwing hits you but does no damage.
You block the hellwing's attack.
You hit the hellwing but do no damage. You punch the hellwing.
The hellwing is almost dead.
The hellwing hits you.
* * * LOW HITPOINT WARNING * * *
The hellwing hits you but does no damage.
You closely miss the hellwing.
The hellwing is almost dead.
The hellwing hits you!
You die...

#†#........##.......#
#'###########.......#
#.......# #########
#..###..# #.......#
##.###.##+#
#.......#.+
#..###§.#4#
#.......@.#
###########


You could see a hellwing.

Vanquished Creatures
  A fire bat (D)
  A scorpion (D)
  A crimson imp (D)
  A gnoll bouda (D)
  An iguana (D)
  2 river rats (D)
  2 ufetubi (D)
  2 bats (D)
  An endoplasm (D)
  A goblin (D)
  3 jackals (D)
  A quokka (D)
  A frilled lizard (D)
18 creatures vanquished.

Notes
Turn   | Place    | Note
-------+----------+-------------------------------------------
     0 | D        | fozzywoppz the Demonspawn Monk began the quest for the Orb.
     0 | D        | Reached XP level 1. HP: 18/18 MP: 1/1
    39 | D        | Found a basalt altar of Yredelemnul.
    39 | D        | Found a shimmering altar of Xom.
    39 | D        | Found an ornate altar of the Wu Jian Council.
    39 | D        | Found a bloodstained altar of Trog.
    39 | D        | Found a shimmering blue altar of Sif Muna.
    39 | D        | Found a sacrificial altar of Ru.
    39 | D        | Found a stormy altar of Qazlal.
    39 | D        | Found an iron altar of Okawaru.
    39 | D        | Found a sparkling altar of Nemelex Xobeh.
    39 | D        | Found a burning altar of Makhleb.
    39 | D        | Found a viscous altar of Jiyva.
    39 | D        | Found a hazy altar of Hepliaklqana.
    39 | D        | Found an opulent altar of Gozag.
    39 | D        | Found a blossoming altar of Fedhas.
    39 | D        | Found a shadowy altar of Dithmenos.
    39 | D        | Found a snail-covered altar of Cheibriados.
    40 | D        | Found a radiant altar of Vehumet.
    40 | D        | Found a corrupted altar of Lugonu.
    41 | D        | Found an ancient bone altar of Kikubaaqudgha.
    41 | D        | Found a hide-covered altar of Uskayaw.
    41 | D        | Found a broken altar of Ashenzari.
    56 | D        | Became a worshipper of Qazlal Stormbringer
    56 | D        | Reached * piety under Qazlal
    56 | D        | Reached ** piety under Qazlal
    71 | D        | Gained mutation: You are partially covered in molten
                  | scales. (AC +2) [demonic ancestry]
    71 | D        | Reached XP level 2. HP: 16/25 MP: 2/2
    96 | D        | Reached skill level 4 in Fighting
   109 | D        | Reached *** piety under Qazlal
   113 | D        | Noticed a crimson imp
   123 | D        | Gained mutation: You are mostly covered in molten scales.
                  | (AC +3) [demonic ancestry]
   123 | D        | Reached XP level 3. HP: 26/31 MP: 3/3
   136 | D        | Reached **** piety under Qazlal
   149 | D        | Reached skill level 5 in Fighting
   207 | D        | Noticed a scorpion
   225 | D        | Reached XP level 4. HP: 34/39 MP: 4/4
   229 | D        | Noticed a fire bat
   238 | D        | Reached skill level 1 in Armour
   238 | D        | Reached skill level 5 in Dodging
   238 | D        | Reached skill level 5 in Unarmed Combat
   242 | D        | Reached ***** piety under Qazlal
   257 | D        | Killed a scorpion
   258 | D        | Reached skill level 6 in Fighting
   258 | D        | Gained mutation: You regenerate magic rapidly. [demonic
                  | ancestry]
   258 | D        | Reached XP level 5. HP: 22/47 MP: 5/5
   269 | D        | Killed a fire bat
   270 | D        | Reached skill level 7 in Fighting
   270 | D        | Reached XP level 6. HP: 36/55 MP: 6/6
   381 | D        | Noticed a hellwing
   439 | D        | Slain by a hellwing

Illustrated notes

Levels and vault maps discovered:
D:        pitsprint [storerooms_1, entrance_room_1, metal_vault_5, armoury_1,
          mini_pit_1, grid_room_1, main_hall_1, silver_pit, the_coven_3,
          the_vestibule_1, steel_vault_4, golden_pit, hallway_of_sentries,
          crystal_vault_3, iron_vault_3, final_vault]

Skill      XL: |  1  2  3  4  5 |
---------------+----------------+-----
Stealth        | 2 |  2.0
Dodging        | 3 4 5 6 |  6.9
Unarmed Combat | 3 4 5 6 |  6.9
Fighting       | 4 5 6 7 |  7.6
Armour         | 2 4 |  4.7

Action                     |  1- 3 |  4- 6 || total
---------------------------+-------+-------++-------
  Melee: Unarmed           |    83 |   115 ||   198
         Punch             |     1 |     8 ||     9
    Use: Potion            |     1 |     4 ||     5
 Armour: Robe              |    22 |       ||    22
         Chain mail        |    18 |    68 ||    86
  Dodge: Dodged            |    53 |    30 ||    83
  Block: Other             |    15 |    30 ||    45

Table legend: (Time is in decaauts)
 A = Elapsed time spent in this place.
 B = Non-inter-level travel time spent in this place.
 C = Inter-level travel time spent in this place.
 D = Time resting spent in this place.
 E = Time spent auto-exploring this place.
 F = Levels seen in this place.
 G = Mean time per level.
                   A        B        C        D        E       F      G
               +--------+--------+--------+--------+--------+-----+--------+
         Total |    420 |    420 |      0 |     76 |      0 |   1 |  420.0 |
       Dungeon |    420 |    420 |      0 |     76 |      0 |   1 |  420.0 |
               +--------+--------+--------+--------+--------+-----+--------+

Top non-repeatable levels by time:
       D: 420 daAuts
